Map: Emerald City LE

Players

Massa

  • Race: Terran Terran
  • League: Gold
  • Spawn Location: 11:00

qqq

  • Race: Zerg Zerg
  • League: Platinum
  • Spawn Location: 11:00

Tex - Winner!

  • Race: Zerg Zerg
  • Spawn Location: 5:00

son - Winner!

  • Race: Protoss Protoss
  • League: Gold
  • Spawn Location: 5:00

VOD

Have the link to the VOD?

Description

Time

  • Played on: May 28, 2020, 3:38 p.m.
  • Length: 12:25
Show
View Real Time Build Order
Export as new Build Order

Massa Terran 

Build Orders:  

Get SALT Encoding   

  12  0:12  Supply Depot  
  12  0:13  SCV  
  13  0:32  SCV  
  14  0:36  Barracks  
  14  0:44  SCV  
  15  0:56  SCV  
  16  1:08  SCV  
  17  1:20  SCV  
  18  1:32  SCV  
  19  1:42  Marine  
  19  1:43  Barracks  
  19  1:45  SCV  
  21  1:57  SCV  
  21  2:00  Marine  
  23  2:06  Supply Depot  
  23  2:17  Refinery  
  23  2:22  Refinery  
  23  2:23  Supply Depot  
  23  2:25  Supply Depot  
  23  2:27  Supply Depot  
  23  2:28  SCV  
  23  2:29  Marine  
  25  2:34  Barracks  
  25  2:47  Marine  
  26  3:01  Engineering Bay  
  26  3:04  Marine  
  26  3:06  Orbital Command  
  26  3:24  Command Center  
  26  3:27  Marine x2  
  28  3:34  Marine  
  29  3:44  Marine  
  29  3:45  Marine  
  31  3:52  Terran Infantry Weapons Level 1  
  31  4:00  Marine  
  31  4:02  Marine x2  
  34  4:13  Missile Turret  
  34  4:14  SCV  
  35  4:18  Marine  
  35  4:20  Marine  
  35  4:22  Marine  
  38  4:26  SCV  
  39  4:36  Marine  
  40  4:39  SCV  
  41  4:51  SCV  
  42  5:00  Missile Turret  
  42  5:03  SCV  
  42  5:04  Missile Turret  
  42  5:05  SCV  
  44  5:15  SCV  
  44  5:17  SCV  
  44  5:19  Factory  
  44  5:20  Missile Turret  
  46  5:27  SCV  
  47  5:36  Barracks Tech Lab  
  47  5:39  SCV  
  48  5:44  Barracks Reactor  
  48  5:46  Terran Infantry Armor Level 1  
  48  5:47  Barracks Reactor, Supply Depot  
  48  5:49  Orbital Command  
  48  5:51  SCV  
  49  6:03  SCV  
  50  6:07  Starport  
  50  6:10  Armory  
  50  6:14  Factory Tech Lab  
  50  6:15  SCV  
  50  6:17  Marauder  
  53  6:20  SCV  
  54  6:26  Missile Turret  
  54  6:27  SCV  
  54  6:32  SCV  
  56  6:38  Marauder  
  58  6:43  Siege Tank  
  58  6:44  SCV  
  62  6:47  Missile Turret  
  62  6:58  Missile Turret  
  62  7:00  Marauder  
  64  7:15  Siege Tank  
  67  7:21  SCV x2  
  69  7:28  Marine  
  69  7:29  Marine x4  
  74  7:33  SCV x2  
  74  7:35  Barracks  
  76  7:43  Refinery  
  76  7:46  Marine x2  
  78  7:57  Command Center  
  78  8:02  Marine  
  78  8:19  SCV x2, Marine x4  
  71  8:20  Marine  
  71  8:24  Barracks  
  57  8:31  SCV x2  
  57  8:36  Marine x2  
  57  8:37  Marine x2  
  57  8:38  Marine  
  57  8:39  Siege Tank  
  62  8:43  SCV  
  62  8:47  Barracks Reactor  
  63  8:52  Barracks  
  63  8:54  Marine x4  
  67  8:59  Marine  
  68  9:11  Thor  
  68  9:12  Marine x4  
  78  9:17  Factory  
  78  9:36  Supply Depot x3  
  78  9:38  Supply Depot  
  78  9:41  Command Center  
  78  9:52  Barracks Reactor  
  78  9:53  Barracks Reactor  
  78  9:57  Marine x6, Viking  
  78  9:58  Marauder, Supply Depot x2  
  88  10:01  Supply Depot  
  88  10:03  Factory Tech Lab  
  88  10:04  Supply Depot  
  88  10:12  Combat Shield  
  88  10:15  Marine x6  
  88  10:19  Marauder  
  96  10:27  Medivac  
  98  10:33  Marine x5  
  103  10:36  Refinery  
  103  10:40  Marauder  
  105  10:43  Thor  
  105  10:45  Thor  
  117  10:50  SCV  
  117  10:51  SCV  
  119  10:57  Medivac  
  119  11:02  SCV, Marauder  
  119  11:03  SCV  
  125  11:14  SCV  
  125  11:15  SCV  
  127  11:23  Marauder  
  127  11:24  Marine  
  127  11:25  Marine x9  
  139  11:27  Viking  
  139  11:31  Thor  
  147  11:42  Marine x2, Planetary Fortress  
  147  11:44  Marauder  
Show
View Real Time Build Order
Export as new Build Order

qqq Zerg 

Build Orders: Hatch First 

Get SALT Encoding   

  12  0:05  Drone  
  13  0:08  Drone  
  14  0:35  Hatchery  
  13  0:51  Spawning Pool  
  12  1:05  Drone, Overlord  
  12  1:07  Drone  
  14  1:21  Extractor, Drone  
  14  1:39  Queen  
  14  1:46  Queen  
  18  1:47  Drone  
  18  1:49  Drone  
  20  2:07  Overlord  
  20  2:08  Drone x2  
  22  2:09  Drone  
  22  2:12  Drone  
  24  2:21  Zergling x2  
  25  2:29  Drone, Zergling x2  
  27  2:41  Metabolic Boost  
  27  2:45  Drone  
  27  2:46  Drone  
  27  2:48  Zergling x2  
  30  2:53  Zergling x2  
  30  2:54  Zergling x2, Overlord  
  30  2:55  Zergling x2  
  33  3:04  Baneling Nest  
  32  3:08  Drone  
  33  3:18  Drone, Zergling x6  
  33  3:19  Zergling x2  
  38  3:32  Zergling x2  
  38  3:33  Drone  
  40  3:41  Drone  
  40  3:42  Drone x3  
  40  3:45  Overlord  
  40  3:46  Overlord  
  44  3:49  Overlord  
  44  4:02  Zergling x2  
  44  4:06  Drone x2  
  46  4:10  Baneling x6  
  46  4:19  Drone  
  46  4:20  Drone, Zergling x2  
  46  4:21  Zergling x2, Overlord  
  46  4:23  Drone x4  
  54  4:28  Zergling x2  
  55  4:31  Extractor  
  55  4:33  Lair  
  54  4:47  Drone x2  
  54  4:49  Extractor  
  54  4:51  Drone x2  
  54  4:52  Extractor  
  56  5:00  Drone  
  56  5:05  Drone  
  58  5:10  Drone  
  58  5:12  Drone  
  58  5:13  Drone  
  58  5:14  Drone  
  62  5:28  Hatchery  
  60  5:35  Infestation Pit  
  60  5:39  Hatchery, Drone x2  
  60  5:40  Zergling x2  
  60  5:41  Drone  
  62  5:50  Evolution Chamber  
  62  5:52  Drone x3  
  62  5:53  Evolution Chamber  
  63  5:59  Roach Warren  
  63  6:01  Zergling x8  
  66  6:11  Queen  
  66  6:14  Zergling x2  
  66  6:17  Hive  
  69  6:19  Zerg Melee Weapons Level 1  
  69  6:21  Zerg Ground Armor Level 1  
  69  6:26  Zergling x2  
  69  6:27  Zergling x4, Swarm Host  
  69  6:29  Overlord  
  69  6:31  Overlord  
  75  6:33  Overlord  
  75  6:47  Queen  
  75  6:48  Drone  
  75  6:50  Queen  
  75  6:52  Drone  
  75  6:53  Drone  
  82  6:55  Roach x2  
  82  6:56  Roach  
  88  7:04  Burrow  
  87  7:12  Roach x5  
  97  7:20  Glial Reconstitution  
  97  7:23  Roach x3  
  97  7:24  Roach  
  97  7:28  Ravager x3  
  108  7:35  Swarm Host  
  111  7:46  Drone  
  111  7:49  Overlord x6  
  112  8:03  Overlord x2  
  112  8:18  Roach  
  112  8:19  Roach x4  
  105  8:20  Drone, Zergling x8  
  105  8:21  Zergling x2  
  77  8:36  Zergling x8  
  77  8:37  Zergling x2  
  72  8:44  Roach  
  72  8:45  Roach  
  74  8:48  Roach  
  74  8:54  Roach  
  74  8:55  Roach  
  74  9:00  Queen  
  76  9:03  Roach x3  
  76  9:07  Zerg Melee Weapons Level 2  
  76  9:08  Ultralisk Cavern  
  76  9:09  Zerg Ground Armor Level 2  
  72  9:18  Roach x2  
  72  9:22  Roach  
  74  9:34  Roach x2  
  74  9:35  Roach x3  
  85  9:38  Ravager x3  
  85  9:39  Ravager x4  
  91  9:59  Anabolic Synthesis  
  91  10:09  Ultralisk  
  97  10:16  Zergling x6  
  97  10:17  Zergling x10  
  102  10:42  Chitinous Plating  
  102  10:47  Hatchery  
  101  10:53  Ultralisk  
  107  10:59  Hatchery  
  106  11:06  Ultralisk  
  112  11:38  Ultralisk  
Show
View Real Time Build Order
Export as new Build Order

Tex Zerg - Winner!

Build Orders: Hatch First, Roach Hydra 

Get SALT Encoding   

  12  0:01  Drone  
  13  0:12  Overlord  
  13  0:32  Drone x3  
  16  0:45  Drone  
  17  0:54  Drone  
  18  1:06  Drone  
  19  1:15  Drone  
  19  1:18  Hatchery  
  19  1:23  Spawning Pool  
  18  1:30  Drone  
  19  1:40  Drone  
  19  1:42  Extractor  
  19  1:47  Drone  
  20  2:05  Drone  
  21  2:16  Roach Warren, Queen, Overlord  
  22  2:32  Drone x3  
  25  2:39  Queen  
  25  2:40  Drone  
  28  2:44  Spine Crawler  
  28  2:46  Drone  
  28  2:47  Spine Crawler  
  27  2:51  Drone  
  27  2:52  Drone  
  29  3:02  Drone, Evolution Chamber  
  29  3:03  Drone  
  32  3:12  Roach  
  32  3:13  Roach  
  34  3:29  Overlord  
  34  3:30  Drone  
  35  3:38  Extractor, Queen  
  37  3:42  Overlord  
  37  3:44  Zerg Missile Weapons Level 1  
  37  3:47  Roach x3  
  43  3:59  Overlord  
  43  4:00  Drone  
  46  4:02  Roach  
  46  4:03  Roach  
  46  4:04  Extractor, Roach  
  49  4:15  Roach  
  51  4:21  Drone  
  51  4:22  Drone x3  
  51  4:23  Roach  
  57  4:29  Drone x3  
  60  4:40  Overlord  
  60  4:56  Extractor, Overlord x2  
  60  4:57  Hatchery  
  60  4:58  Drone x2  
  60  5:02  Evolution Chamber  
  60  5:03  Drone  
  60  5:04  Drone x3  
  60  5:06  Lair  
  63  5:09  Roach x2  
  63  5:10  Overlord  
  67  5:15  Drone  
  67  5:16  Drone  
  69  5:24  Roach x2  
  73  5:31  Overlord  
  73  5:34  Drone  
  74  5:37  Drone  
  74  5:38  Drone x2  
  74  5:40  Drone  
  74  5:41  Drone x2  
  80  5:47  Drone x2  
  82  5:51  Extractor  
  82  5:54  Overlord  
  82  5:56  Zerg Ground Armor Level 1  
  81  6:00  Drone  
  81  6:03  Glial Reconstitution  
  82  6:06  Drone x2  
  82  6:08  Extractor  
  82  6:09  Drone  
  82  6:11  Queen  
  84  6:18  Overseer, Hydralisk Den  
  85  6:19  Drone  
  85  6:20  Drone  
  85  6:21  Drone  
  85  6:22  Overseer  
  85  6:24  Drone x2  
  90  6:28  Drone  
  90  6:29  Drone x2  
  93  6:34  Spore Crawler  
  93  6:36  Overlord  
  93  6:38  Drone x3  
  95  6:50  Extractor  
  94  6:56  Roach x5  
  94  6:57  Zerg Missile Weapons Level 2, Roach  
  106  7:02  Roach  
  106  7:03  Roach  
  110  7:09  Roach x4  
  110  7:14  Hydralisk  
  110  7:15  Hydralisk, Hydralisk Den  
  121  7:26  Overlord  
  121  7:31  Overlord x3  
  121  7:35  Grooved Spines  
  121  7:36  Overlord x2  
  121  7:37  Overlord x2  
  121  7:48  Hydralisk x3  
  121  7:49  Hydralisk x3  
  133  7:55  Hydralisk  
  133  8:00  Hydralisk x2  
  133  8:04  Overseer x2  
  137  8:07  Drone x2  
  135  8:22  Hatchery  
  126  8:37  Hydralisk x2  
  126  8:38  Hydralisk x6  
  126  8:39  Hydralisk x2  
  146  8:43  Overlord x2  
  146  8:44  Ravager  
  146  8:45  Ravager  
  148  8:49  Hydralisk  
  148  8:51  Drone  
  151  8:58  Drone  
  151  9:02  Hydralisk x2  
  156  9:05  Hydralisk  
  156  9:09  Hatchery  
  157  9:10  Lurker Den  
  157  9:16  Infestation Pit  
  155  9:17  Drone x3  
  155  9:22  Drone  
  155  9:23  Muscular Augments  
  155  9:24  Hydralisk  
  159  9:25  Hydralisk  
  163  9:32  Drone  
  163  9:37  Drone x3  
  167  9:43  Nydus Network  
  167  9:44  Hydralisk x2  
  170  9:46  Hydralisk  
  170  9:47  Hydralisk  
  170  9:48  Hydralisk  
  170  9:50  Hydralisk  
  178  9:55  Hydralisk  
  178  9:56  Hydralisk  
  178  9:58  Overlord x3  
  182  10:04  Hydralisk  
  182  10:05  Hydralisk  
  186  10:12  Hive  
  186  10:18  Lurker  
  187  10:24  Lurker  
  187  10:28  Zergling x18  
  194  10:30  Drone  
  194  10:31  Extractor  
  194  10:32  Extractor  
  196  10:42  Drone x3  
  199  10:43  Drone  
  199  10:45  Extractor, Drone  
  200  10:50  Extractor, Drone  
  200  10:55  Overlord x2  
  200  11:33  Nydus Network  
  199  11:42  Nydus Canal  
Show
View Real Time Build Order
Export as new Build Order

son Protoss - Winner!

Build Orders:  

Get SALT Encoding   

  12  0:01  Probe  
  13  0:14  Probe  
  14  0:18  Pylon  
  14  0:26  Probe  
  15  0:38  Probe (Chrono Boost)  
  15  0:42  Gateway  
  17  0:50  Probe (Chrono Boost)  
  17  0:52  Assimilator  
  17  0:55  Probe (Chrono Boost)  
  18  1:04  Probe  
  19  1:16  Probe  
  21  1:32  Probe  
  21  1:44  Gateway, Cybernetics Core  
  21  1:47  Assimilator  
  21  1:51  Pylon  
  21  2:00  Gateway  
  20  2:06  Probe  
  21  2:18  Probe  
  21  2:19  Pylon  
  21  2:21  Stalker  
  24  2:23  Warp Gate  
  24  2:31  Probe  
  24  2:33  Gateway  
  24  2:35  Zealot  
  27  3:04  Zealot x2  
  31  3:05  Stalker  
  33  3:15  Probe  
  34  3:20  Stalker  
  36  3:27  Probe  
  37  3:40  Nexus  
  37  3:45  Stalker  
  39  4:18  Pylon  
  39  4:23  Pylon  
  39  4:27  Twilight Council  
  39  4:36  Probe  
  40  4:38  Stalker x2  
  40  4:39  Stalker  
  40  4:43  Sentry  
  48  4:48  Probe  
  49  5:01  Probe  
  49  5:02  Assimilator  
  50  5:08  Assimilator  
  50  5:10  Templar Archives  
  50  5:12  Probe  
  50  5:13  Probe  
  52  5:24  Probe, Forge  
  52  5:25  Probe  
  54  5:37  Probe  
  54  5:40  Psionic Storm  
  54  5:42  Probe  
  56  5:49  Probe  
  57  5:54  Probe, High Templar  
  57  5:56  High Templar  
  62  6:01  Probe  
  63  6:05  Photon Cannon  
  63  6:06  Probe  
  64  6:11  Photon Cannon  
  64  6:13  Probe  
  64  6:15  Protoss Ground Weapons Level 1  
  65  6:18  Probe  
  65  6:23  Stalker  
  69  6:25  Probe  
  69  6:31  Probe, Pylon  
  70  6:44  Pylon  
  70  6:49  Probe x2  
  70  6:51  High Templar  
  70  6:52  High Templar  
  76  6:55  Stalker  
  78  7:02  Probe  
  79  7:12  Robotics Facility  
  79  7:14  Robotics Facility  
  79  7:16  Zealot  
  81  7:31  Pylon  
  81  7:37  Forge  
  81  7:42  Nexus  
  71  8:42  Zealot x4  
  71  8:44  Immortal x2  
  87  9:08  Gateway x2  
  87  9:09  Gateway  
  87  9:10  Protoss Ground Weapons Level 2, Protoss Ground Armor Level 1, Gateway  
  87  9:14  Gateway  
  85  9:22  Assimilator  
  85  9:23  Immortal x2  
  93  9:26  Assimilator  
  93  9:28  Forge  
  93  9:29  Pylon  
  93  9:31  High Templar x3  
  97  9:33  Pylon, Zealot  
  101  9:45  Probe x3  
  104  9:57  Probe x3  
  104  9:58  Photon Cannon  
  107  10:00  Protoss Shields Level 1  
  107  10:02  Photon Cannon, Immortal  
  107  10:05  Observer  
  112  10:20  Archon  
  112  10:26  Immortal  
  111  10:39  Probe x2  
  111  10:40  Probe  
  114  10:45  High Templar x2  
  114  10:46  High Templar x3  
  124  10:51  Probe  
  124  10:54  Pylon  
  124  10:55  Archon x2  
  125  10:59  Pylon  
  125  11:12  Probe x3  
  125  11:14  Pylon  
  125  11:17  Pylon  
  128  11:24  Probe x3  
  131  11:36  Probe x3  
  131  11:39  Immortal x2  
  142  11:43  Stalker x5  
  103  12:24  Archon x2  
Tags
 
Add a new tag
Caveats
  • Supply blocks, unpowered buildings, or Contaminate may cause inaccurate times.
  • Supply counts are checked every 10 seconds.